 Dungeon Crawl Stone Soup version 0.30-a0-630-g881e3bac89 (webtiles) character file.

Game seed: 15041999065932827035

14706 Rrauwl the Basher (level 12, -10/73 HPs)
             Began as a Gargoyle Fighter on Jan 13, 2023.
             Was an Elder of Okawaru.
             Mangled by a minotaur
             ... wielding the +9 double sword of Dishonour {pain, Stlth+}
              (26 damage)
             ... in a Gauntlet.
             The game lasted 00:34:49 (10017 turns).

Rrauwl the Basher (Gargoyle Fighter)               Turns: 10017, Time: 00:34:49

Health: -10/73     AC: 27    Str: 28    XL:     12   Next: 19%
Magic:  16/17      EV: 14    Int:  8    God:    Okawaru [****..]
Gold:   673        SH:  9    Dex: 19    Spells: 11/11 levels left

rFire   + + .      SeeInvis .    a - +8 mace "Byph" {freeze, rF++}
rCold   . . .      Faith    .    s - +1 buckler
rNeg    + . .      Spirit   .    i - +2 scale mail "Jikk" {Dex+4}
rPois   ∞          Reflect  .    b - +0 helmet
rElec   +          Harm     .    p - +0 cloak
rCorr   .          Rampage  .    (no gloves)
Will    .....      NoTele   +    (no boots)
Stlth   ++                       (no amulet)
HPRegen 0.32/turn                u - +6 ring of strength
MPRegen 0.15/turn                o - +4 ring of protection

@: heroic
A: sickness immunity, AC +8, negative energy resistance 1, electricity
resistance, torment resistance 1, petrification resistance, agile 1
a: Renounce Religion, Heroism, Finesse


You were in a Gauntlet.
You worshipped Okawaru.
Okawaru was greatly pleased with you.
You visited 3 branches of the dungeon, and saw 12 of its levels.
You also visited: Gauntlet.

You collected 673 gold pieces.

Inventory:

Hand Weapons
 a - the +8 mace "Byph" (weapon) {freeze, rF++}
   (You found it on level 4 of the Dungeon)

   rF:        It greatly protects you from fire.
 c - a +0 sling
 m - a +0 arbalest
 q - a +1 demon whip of venom
 x - the +8 arbalest "Tudim" {heavy, Fragile Str+5}
   (You found it in a Gauntlet)

   Str:       It affects your strength (+5).
   Fragile:   It will be destroyed if unequipped.
Missiles
 k - 6 atropa-tipped darts (quivered)
 z - 3 curare-tipped darts
 C - a boomerang of dispersal
Armour
 b - a +0 helmet (worn)
 i - the +2 scale mail "Jikk" (worn) {Dex+4}
   (You found it on level 2 of the Dungeon)

   Dex:       It affects your dexterity (+4).
 p - a +0 cloak (worn)
 s - a +1 buckler (worn)
 B - a +0 plate armour
Jewellery
 j - a ring of resist corrosion
 o - a +4 ring of protection (right hand)
 t - a ring of protection from cold
 u - a +6 ring of strength (left hand)
 y - the ring "Punn" {rElec rPois rF+ Slay-5}
   (You found it in a Gauntlet)

   [ring of protection from fire]

   Slay:      It affects your accuracy & damage with ranged weapons and melee
   (-5).
   rF:        It protects you from fire.
   rElec:     It insulates you from electricity.
   rPois:     It protects you from poison.
Wands
 d - a wand of flame (8)
 f - a wand of polymorph (8)
Scrolls
 e - 10 scrolls of identify
 g - 4 scrolls of poison
 l - a scroll of enchant armour
 v - 3 scrolls of teleportation
 w - 2 scrolls of blinking
Potions
 h - 4 potions of flight
 n - 3 potions of mutation
 r - 3 potions of curing
 E - a potion of lignification
Miscellaneous
 A - a lightning rod (3/4)


   Skills:
 - Level 8.0(13.0) Fighting
 - Level 14.0(19.0) Maces & Flails
 + Level 7.6(12.6) Armour
 - Level 2.0(7.0) Dodging
 - Level 2.0(7.0) Stealth
 + Level 7.6(12.6) Shields
 + Level 7.6 Invocations
 - Level 2.0 Evocations


You had 11 spell levels left.
You didn't know any spells.
Your spell library contained the following spells:

 Spells                   Type           Power      Damage    Failure   Level
 Apportation              Tloc           0%         N/A       67%         1
 Beastly Appendage        Tmut           0%         N/A       67%         1
 Necrotise                Necr           0%         1d4       67%         1
 Ensorcelled Hibernation  Hex/Ice        0%         N/A       80%         2
 Wereblood                Tmut           0%         N/A       80%         2
 Spider Form              Tmut/Pois      0%         N/A       95%         3
 Anguish                  Hex/Necr       0%         N/A       100%        4
 Petrify                  Tmut/Erth      0%         N/A       100%        4
 Irradiate                Conj/Tmut      0%         3d11      100%        5
 Summon Small Mammal      Summ           Unusable   N/A       N/A         1
 Sublimation of Blood     Necr           Unusable   N/A       N/A         2
 Call Canine Familiar     Summ           Unusable   N/A       N/A         3
 Summon Guardian Golem    Hex/Summ       Unusable   N/A       N/A         3

Dungeon Overview and Level Annotations

Branches:
Dungeon (10/15)            Temple (1/1) D:6            Lair (1/5) D:9
    Orc (0/2) D:10        Gauntlet (1/1)

Altars:
Ashenzari
Cheibriados
Dithmenos
Elyvilon
Fedhas
Gozag
Hepliaklqana
Kikubaaqudgha
Makhleb
Nemelex Xobeh
Okawaru
Qazlal
Ru
Sif Muna
Trog
Uskayaw
Vehumet
Wu Jian
Xom
Yredelemnul
Zin
The Shining One

Annotations:
D:7 exclusion: oklob plant Gauntlet 12 transporters, 21 runed translucent doors


Innate Abilities, Weirdness & Mutations

You are immune to sickness and miasma.
Your stone body is resilient. (AC +8)
You are immune to poison.
You resist negative energy. (rN+)
You are resistant to electric shocks. (rElec)
You are resistant to unholy torment.
You are immune to petrification.
You are agile. (Dex +4, Str/Int -1)


Message History

Okay, then.
Aiming: Thunderbolt
Press: ? - help, Shift-Dir - straight line, f - minotaur
Aim: a minotaur, wielding the +9 double sword of Dishonour {pain, Stlth+}, wearing +2 fire dragon scales and quivering silver javelins The thunderbolt hits the minotaur!
The minotaur is lightly wounded.
You hit the minotaur but do no damage.
The minotaur is lightly wounded.
You hit the minotaur but do no damage.
The minotaur is lightly wounded.
The minotaur misses you. You block the minotaur's attack.
You barely miss the minotaur.
The minotaur is lightly wounded.
You block the minotaur's attack. x2
You hit the minotaur but do no damage.
The minotaur is lightly wounded.
You hit the minotaur. You freeze the minotaur.
The minotaur is lightly wounded.
The minotaur closely misses you.
The minotaur gores you but does no damage.
You hit the minotaur but do no damage.
The minotaur is lightly wounded.
The minotaur hits you with the +9 double sword of Dishonour {pain, Stlth+}!!
The minotaur misses you.
Okay, then.
You hit the minotaur. You freeze the minotaur.
The minotaur is moderately wounded.
The minotaur completely misses you.
The minotaur gores you but does no damage.
You hit the minotaur but do no damage.
The minotaur is lightly wounded.
You closely miss the minotaur.
The minotaur is lightly wounded.
The minotaur hits you with the +9 double sword of Dishonour {pain, Stlth+}!
* * * LOW HITPOINT WARNING * * *
You block the minotaur's attack.
You hit the minotaur. You freeze the minotaur.
The minotaur is moderately wounded.
The minotaur hits you with the +9 double sword of Dishonour {pain, Stlth+}!!
You die...

###### #.##.## ###.....#
#∩##.##.# #.##.##.##
#.#......# #.###.##.#
#.##.#H###.##.#
.......@......#
##.##.##.##.###
.##.##.##.###
............#
#.##.##.##.##.##
###.##.##.##.##.###
#≈...............≈# ##
####8..©.©.©.©.©.©..8####
### 8#
#8##≈...............≈##8#
#8#


You could see a minotaur.

Vanquished Creatures
  Snorg (D:10)
  A two-headed ogre (D:10)
  A death scarab (Gauntlet)
  Amaemon (D:9)
  A death drake (Gauntlet)
  A deep troll (D:9)
  A deep elf pyromancer (D:6)
  A spectral centaur (Gauntlet)
  A faun (D:9)
  A centaur zombie (Gauntlet)
  An orange demon (D:9)
  An ice statue (Gauntlet)
  2 cane toads (Lair:1)
  2 rime drakes (Gauntlet)
  A harpy zombie (Gauntlet)
  A troll (D:10)
  A polar bear (Lair:1)
  2 hornets
  5 blink frogs (Lair:1)
  A slime creature (D:8)
  A shadow (D:10)
  5 yaks
  A wraith (D:9)
  A vampire (D:9)
  4 wyverns
  Grum (D:10)
  A spectral komodo dragon (Gauntlet)
  A basilisk (Lair:1)
  A steam dragon (D:8)
  A warg (D:10)
  An acid dragon (D:8)
  3 water moccasins
  3 ice beasts
  An orc warrior (D:10)
  3 sky beasts (D:6)
  2 ogres
  4 wolves (D:10)
  4 centaurs
  A kobold brigand (D:6)
  A phantom (D:4)
  A gnoll sergeant (D:10)
  3 bullfrogs
  2 necrophages
  3 scorpions
  3 wights (D:8)
  2 electric eels
  A hound (D:4)
  2 jellies (D:7)
  4 orc priests
  5 iguanas
  14 orc wizards
  3 gnolls (D:10)
  5 adders
  3 white imps
  3 ufetubi
  A worm (D:2)
  2 dart slugs
  12 orcs
  6 ball pythons
  3 endoplasms
  3 giant cockroaches
  13 goblins
  10 hobgoblins
  2 jackals (D:3)
  10 kobolds
  3 quokkas
  6 bats
  9 frilled lizards
  26 rats
227 creatures vanquished.

Vanquished Creatures (others)
  A wizard (D:10)
  14 demonic plants (Gauntlet)
  5 fungi
  3 plants (Lair:1)
  2 toadstools (D:1)
25 creatures vanquished.

Grand Total: 252 creatures vanquished

Notes
Turn   | Place    | Note
-------+----------+-------------------------------------------
     0 | D:1      | Rrauwl the Gargoyle Fighter began the quest for the Orb.
     0 | D:1      | Reached XP level 1. HP: 14/14 MP: 1/1
   190 | D:1      | Reached XP level 2. HP: 18/19 MP: 2/2
   741 | D:1      | Reached XP level 3. HP: 23/23 MP: 3/3
  1218 | D:2      | Identified the +2 scale mail "Jikk" {Dex+4}
  1369 | D:2      | Found a faded altar of an unknown god.
  1733 | D:2      | Reached XP level 4. HP: 25/29 MP: 4/4
  1920 | D:3      | Reached skill level 3 in Maces & Flails
  1941 | D:3      | Reached XP level 5. HP: 30/33 MP: 5/5
  2030 | D:3      | Noticed an ogre
  2060 | D:3      | Killed an ogre
  2061 | D:3      | Reached skill level 4 in Maces & Flails
  2113 | D:3      | Found a hazy altar of Hepliaklqana.
  2268 | D:3      | Reached XP level 6. HP: 38/38 MP: 6/6
  2741 | D:4      | Reached skill level 5 in Maces & Flails
  3227 | D:4      | Reached skill level 6 in Maces & Flails
  3232 | D:4      | Identified the +8 mace "Byph" {freeze, rF++}
  3285 | D:4      | Found a shimmering blue altar of Sif Muna.
  3328 | D:4      | Reached XP level 7. HP: 43/43 MP: 7/7
  3487 | D:4      | You fall into a shaft and drop 1 floor!
  3487 | D:5      | Entered Level 5 of the Dungeon
  3517 | D:5      | Found a snail-covered altar of Cheibriados.
  3520 | D:5      | Reached skill level 7 in Maces & Flails
  4000 | D:6      | Reached skill level 8 in Maces & Flails
  4042 | D:6      | Found a basalt altar of Yredelemnul.
  4052 | D:6      | Reached XP level 8. HP: 48/48 MP: 8/8
  4170 | D:6      | Found a staircase to the Ecumenical Temple.
  4188 | Temple   | Entered the Ecumenical Temple
  4233 | Temple   | Became a worshipper of Warmaster Okawaru
  4358 | D:6      | Reached skill level 9 in Maces & Flails
  4395 | D:6      | Found a hide-covered altar of Uskayaw.
  4595 | D:6      | Noticed a deep elf pyromancer
  4602 | D:6      | Killed a deep elf pyromancer
  4602 | D:6      | Reached * piety under Okawaru
  4603 | D:6      | Reached skill level 10 in Maces & Flails
  4687 | D:6      | Reached XP level 9. HP: 46/52 MP: 9/9
  4746 | D:6      | Found a sparkling altar of Nemelex Xobeh.
  4945 | D:7      | Reached skill level 11 in Maces & Flails
  5026 | D:7      | Noticed a hornet
  5038 | D:7      | Killed a hornet
  5038 | D:7      | Reached ** piety under Okawaru
  5129 | D:7      | Reached skill level 12 in Maces & Flails
  5338 | D:7      | Found a blossoming altar of Fedhas.
  5352 | D:7      | Noticed an oklob plant
  5884 | D:8      | Reached skill level 13 in Maces & Flails
  6024 | D:8      | Found an ornate altar of the Wu Jian Council.
  6131 | D:8      | Reached *** piety under Okawaru
  6132 | D:8      | Reached XP level 10. HP: 38/56 MP: 10/10
  6209 | D:8      | Found a glowing golden altar of the Shining One.
  6323 | D:8      | Found a shimmering altar of Xom.
  6471 | D:8      | Reached skill level 14 in Maces & Flails
  6594 | D:9      | Noticed a two-headed ogre
  6596 | D:9      | a two-headed ogre changed into a deep troll
  6596 | D:9      | Noticed a deep troll
  6607 | D:9      | Killed a deep troll
  6608 | D:9      | Reached skill level 1 in Invocations
  6761 | D:9      | Noticed a two-headed ogre
  6765 | D:9      | a two-headed ogre changed into a faun
  6765 | D:9      | Noticed a faun
  6774 | D:9      | Killed a faun
  6775 | D:9      | Reached skill level 1 in Dodging
  6775 | D:9      | Reached skill level 1 in Evocations
  6863 | D:9      | Noticed Amaemon
  6863 | D:9      | Noticed an orange demon
  6867 | D:10     | Entered Level 10 of the Dungeon
  6959 | D:10     | Reached **** piety under Okawaru
  7040 | D:10     | Found a staircase to the Orcish Mines.
  7057 | D:10     | Reached skill level 5 in Armour
  7062 | D:10     | Reached skill level 5 in Fighting
  7062 | D:10     | Reached skill level 5 in Shields
  7116 | D:10     | Found a bloodstained altar of Trog.
  7138 | D:10     | Noticed a wizard
  7141 | D:10     | Killed a wizard
  7346 | D:10     | Noticed a two-headed ogre
  7350 | D:10     | Killed a two-headed ogre
  7350 | D:10     | Reached ***** piety under Okawaru
  7351 | D:10     | Reached XP level 11. HP: 64/64 MP: 13/13
  7360 | D:10     | Noticed Grum
  7372 | D:10     | Killed Grum
  7459 | D:10     | Found an opulent altar of Gozag.
  7598 | D:10     | Noticed Snorg
  7610 | D:10     | Killed Snorg
  7611 | D:10     | Reached skill level 5 in Invocations
  7685 | D:10     | Found a shadowy altar of Dithmenos.
  7760 | D:10     | Found a sacrificial altar of Ru.
  8165 | D:9      | Received a gift from Okawaru
  8570 | D:9      | Reached skill level 1 in Stealth
  8690 | D:9      | Found a staircase to the Lair.
  8696 | D:9      | Gained mutation: You are agile. (Dex +4, Str/Int -1)
                  | [potion of mutation]
  8707 | D:9      | Killed Amaemon
  8921 | Lair:1   | Entered Level 1 of the Lair of Beasts
  8921 | Lair:1   | Found the +4 robe of Augmentation {Str+4 Int+4 Dex+4}
  8978 | Lair:1   | Received a gift from Okawaru
  9107 | Lair:1   | Received a gift from Okawaru
  9291 | Lair:1   | Found a gate leading to a gauntlet.
  9303 | Gauntlet | Entered a Gauntlet
  9303 | Gauntlet | Found a transporter.
  9310 | Gauntlet | Noticed a death scarab
  9312 | Gauntlet | Found a transporter.
  9327 | Gauntlet | Found a transporter.
  9329 | Gauntlet | Found a large runed translucent door.
  9330 | Gauntlet | Found a large runed translucent door.
  9331 | Gauntlet | Found a large runed translucent door.
  9331 | Gauntlet | Found a large runed translucent door.
  9331 | Gauntlet | Found a runed translucent door.
  9332 | Gauntlet | Found a transporter.
  9333 | Gauntlet | Found a runed translucent door.
  9334 | Gauntlet | Found a large runed translucent door.
  9334 | Gauntlet | Found a large runed translucent door.
  9335 | Gauntlet | Found a large runed translucent door.
  9336 | Gauntlet | Found a large runed translucent door.
  9342 | Gauntlet | Found a large runed translucent door.
  9342 | Gauntlet | Found a large runed translucent door.
  9343 | Gauntlet | Found a large runed translucent door.
  9343 | Gauntlet | Found a large runed translucent door.
  9344 | Gauntlet | Found a large runed translucent door.
  9344 | Gauntlet | Found a large runed translucent door.
  9345 | Gauntlet | Found a runed translucent gate.
  9345 | Gauntlet | Found a runed translucent gate.
  9345 | Gauntlet | Found a runed translucent gate.
  9347 | Gauntlet | Found a transporter.
  9357 | Gauntlet | Found a large runed translucent door.
  9358 | Gauntlet | Found a large runed translucent door.
  9366 | Gauntlet | Found a transporter.
  9374 | Gauntlet | Noticed a death drake
  9378 | Gauntlet | Found a transporter.
  9381 | Gauntlet | Noticed a hell beast
  9384 | Gauntlet | Found a transporter.
  9399 | Gauntlet | Found a transporter.
  9407 | Gauntlet | Noticed a large abomination
  9411 | Gauntlet | Found a transporter.
  9423 | Gauntlet | Found a transporter.
  9440 | Gauntlet | Found a transporter.
  9447 | Gauntlet | Noticed a reaper
  9458 | Gauntlet | Found a transporter.
  9460 | Gauntlet | Found a transporter.
  9485 | Gauntlet | Found a transporter.
  9487 | Gauntlet | Found a transporter.
  9551 | Gauntlet | Found a transporter.
  9683 | Gauntlet | Found a transporter.
  9698 | Gauntlet | Killed a death scarab
  9699 | Gauntlet | Reached XP level 12. HP: 48/73 MP: 9/17
  9960 | Gauntlet | Identified the +8 arbalest "Tudim" {heavy, Fragile Str+5}
  9963 | Gauntlet | Identified the ring "Punn" {rElec rPois rF+ Slay-5}
 10004 | Gauntlet | Identified the +9 double sword of Dishonour {pain, Stlth+}
 10004 | Gauntlet | Noticed a minotaur
 10017 | Gauntlet | Mangled by a minotaur

Illustrated notes

Levels and vault maps discovered:
D:1:      dpeg_arrival_erosion, layout_loops_corners, minmay_gold_behind_fungi
D:2:      layout_loops_corners, shapermc_ecumenical_altar_petra,
          minmay_pentomino_r2
D:3:      layout_loops_ring, worldfamousw_hep_ancestral_shrine,
          minmay_ogre_servants
D:4:      layout_loops_corners, nicolae_sif_muna_little_library, st_stairs_12,
          minmay_rat_hole
D:5:      layout_rooms, overflow_temple_1_default
D:6:      layout_basic, lemuel_round_altar, mainiacjoe_overflow_cross_hatched,
          nicolae_uskayaw_suspiria, temple_green, guppyfry_early_elven_hall
D:7:      layout_basic, tgw_fedhas, grunt_ministairs_2
D:8:      layout_cave_pools, old_standard_altar, brannock_xom_greatest_gift,
          mainiacjoe_overflow_alcove_4, kennysheep_opposing_triangles
D:9:      layout_irregular_city, lair_entry_dummy,
          minmay_fractal_squares_gapless_5, uniq_amaemon
D:10:     layout_basic, mainiacjoe_overflow_boulevard,
          overflow_temple_1_default, mainiacjoe_overflow_paths, trog_wizard,
          david_orc_3, uniq_snorg, uniq_grum
Temple:   hellmonk_temple_two_chambers
Lair:1:   layout_cave_pods, gauntlet_entry_generic, serial_bayou_shore_a,
          infiniplex_staircase_pool
Gauntlet: gammafunk_gauntlet_one_two_three [gammafunk_gauntlet_arena_crates,
          gammafunk_gauntlet_arena_arrow_garden, nicolae_gauntlet_arena_t_cross,
          nicolae_gauntlet_arena_blocks, nicolae_gauntlet_arena_quarters,
          gammafunk_gauntlet_arena_split_x, gammafunk_gauntlet_arena_grid,
          gammafunk_gauntlet_arena_chambers,
          minmay_gauntlet_arena_make_your_own_arena, gauntlet_exit_green]

Skill      XL: |  1  2  3  4  5  6  7  8  9 10 11 |
---------------+----------------------------------+-----
Armour         | 4 5 7 |  7.6
Fighting       | 4 5 8 |  8.0
Maces & Flails | 3 4 6 8 10 13 14 | 14.0
Shields        | 4 5 7 |  7.6
Invocations    | 3 7 |  7.6
Dodging        | 2 |  2.0
Evocations     | 2 |  2.0
Stealth        | 2 |  2.0

Action                   |  1- 3 |  4- 6 |  7- 9 | 10-12 || total
-------------------------+-------+-------+-------+-------++-------
Melee: Flail             |   151 |   187 |       |       ||   338
       Mace              |       |    12 |   186 |   316 ||   514
Invok: Heroism           |       |       |       |     7 ||     7
       Finesse           |       |       |       |     1 ||     1
Evoke: Wand              |       |       |       |    11 ||    11
       Lightning rod     |       |       |       |     1 ||     1
  Use: Potion            |     4 |     3 |     5 |    10 ||    22
       Scroll            |     3 |     4 |     7 |     1 ||    15
Armor: Scale mail        |    87 |   114 |   102 |   111 ||   414
Dodge: Dodged            |    70 |    83 |    59 |   103 ||   315
Block: Buckler           |    25 |    33 |    37 |   104 ||   199

Table legend: (Time is in decaauts)
 A = Elapsed time spent in this place.
 B = Non-inter-level travel time spent in this place.
 C = Inter-level travel time spent in this place.
 D = Time resting spent in this place.
 E = Time spent auto-exploring this place.
 F = Levels seen in this place.
 G = Mean time per level.
                   A        B        C        D        E       F      G
               +--------+--------+--------+--------+--------+-----+--------+
         Total |  10032 |   9720 |    312 |     36 |   7672 |  13 |  771.7 |
       Dungeon |   8895 |   8591 |    304 |     36 |   6984 |  10 |  889.5 |
        Temple |     54 |     54 |      0 |      0 |     41 |   1 |   54.0 |
          Lair |    383 |    375 |      8 |      0 |    248 |   1 |  383.0 |
      Gauntlet |    698 |    698 |      0 |      0 |    399 |   1 |  698.0 |
               +--------+--------+--------+--------+--------+-----+--------+

Top non-repeatable levels by time:
     D:9: 1198 daAuts
    D:10: 1130 daAuts
     D:6: 994 daAuts
     D:2: 990 daAuts
     D:1: 959 daAuts
     D:8: 866 daAuts
     D:3: 852 daAuts
     D:4: 773 daAuts
Gauntlet: 698 daAuts
     D:7: 637 daAuts
     D:5: 491 daAuts
  Lair:1: 383 daAuts
  Temple: 54 daAuts
